 Dungeon Crawl Stone Soup version 0.29.1-2-gbd0b4ee654 (webtiles) character file.

Game seed: 13684254465714430688

1920 safid the Skirmisher (level 8, -1/74 HPs)
             Began as a Minotaur Hunter on Nov 23, 2022.
             Was a Follower of Okawaru.
             Succumbed to Edmund's poison
             ... on level 6 of the Dungeon.
             The game lasted 00:16:51 (6437 turns).

safid the Skirmisher (Minotaur Hunter)              Turns: 6437, Time: 00:16:51

Health: -1/74      AC:  8    Str: 17    XL:     8   Next: 95%
Magic:  7/7        EV: 10    Int:  6    God:    Okawaru [*.....]
Gold:   274        SH:  0    Dex: 15    Spells: 7/7 levels left

rFire   + . .      SeeInvis .   a - +0 shortbow
rCold   . . .      Faith    .   (shield currently unavailable)
rNeg    . . .      Spirit   .   z - +2 scale mail {rPois}
rPois   +          Reflect  .   (helmet restricted)
rElec   .          Harm     .   (no cloak)
rCorr   +          Rampage  .   (no gloves)
Will    .....                   (no boots)
Stlth   ..........              (no amulet)
HPRegen 0.22/turn               x - ring of resist corrosion
MPRegen 0.10/turn               y - ring of protection from fire

@: mighty, brilliant, lethally poisoned (-1 -> -16), flying
A: horns 2, retaliatory headbutt
a: Renounce Religion, Heroism


You were on level 6 of the Dungeon.
You worshipped Okawaru.
Okawaru was aware of your devotion.
You visited 2 branches of the dungeon, and saw 7 of its levels.
You also visited: Sewer.

You collected 274 gold pieces.

Inventory:

Hand Weapons
 a - a +0 shortbow (weapon)
Missiles
 u - a curare-tipped dart
Armour
 z - a +2 scale mail of poison resistance (worn)
Jewellery
 x - a ring of resist corrosion (left hand)
 y - a ring of protection from fire (right hand)
Wands
 q - a wand of paralysis (11)
Scrolls
 d - 8 scrolls of identify {unknown}
 f - 2 scrolls of brand weapon {unknown}
 h - 3 scrolls of poison {unknown}
 k - a scroll of noise {unknown}
 m - a scroll of enchant weapon {unknown}
 o - a scroll of torment {unknown}
 p - 4 scrolls of vulnerability {unknown}
 r - a scroll of blinking {unknown}
 s - 3 scrolls of magic mapping {unknown}
 t - 4 scrolls of teleportation {unknown}
 w - 2 scrolls of fog {unknown}
Potions
 b - a potion of mutation {unknown}
 g - 2 potions of invisibility {unknown}
 i - a potion of flight
 j - a potion of brilliance
 l - 2 potions of might
 n - 3 potions of resistance


   Skills:
 - Level 8.0 Fighting
 + Level 11.5 Ranged Weapons
 - Level 2.1 Dodging
 - Level 0.7 Stealth


You had 7 spell levels left.
You didn't know any spells.
Your spell library contained the following spells:

 Spells                   Type           Power      Damage    Failure   Level
 Static Discharge         Conj/Air       0%         3-3/arc   95%         2
 Dispel Undead            Necr           0%         3d6       100%        4
 Sticky Flame             Conj/Fire      0%         2d3       100%        4


Dungeon Overview and Level Annotations

Branches:
Dungeon (6/15)             Temple (1/1) D:4           Sewer (visited)

Altars:
Ashenzari
Cheibriados
Elyvilon
Fedhas
Makhleb
Okawaru
Qazlal

Annotations:
D:3 2 transporters
D:5 2 runed translucent doors, LustLizard's ghost, amateur SpAE
D:6 Edmund


Innate Abilities, Weirdness & Mutations

You have a pair of horns on your head.
You reflexively headbutt those who attack you in melee.


Message History

* * * LOW HITPOINT WARNING * * *
Edmund hits you with a +3 flail of venom.
* * * LOW HITPOINT WARNING * * *
You feel much better.
You feel sick.
Edmund hits you with a +3 flail of venom.
* * * LOW HITPOINT WARNING * * *
You are more poisoned.
It was a potion of flight.
You feel very buoyant.
You fly up into the air.
You feel sick.
Edmund hits you with a +3 flail of venom.
* * * LOW HITPOINT WARNING * * *
Edmund barely misses you.
It was a potion of curing.
You feel better.
Edmund hits you with a +3 flail of venom.
* * * LOW HITPOINT WARNING * * *
Fire: a) +0 shortbow
Press: ? - help, Q - select action, (/) - cycle Shift-Dir - straight line, f/p - Edmund
Aim: Edmund, wielding a +3 flail of venom and wearing a +0 chain mail (heavily wounded, fast, 74% to hit)
You shoot an arrow. The arrow hits Edmund!
Edmund is severely wounded.
Edmund hits you but does no damage. Edmund barely misses you.
Fire: a) +0 shortbow
Press: ? - help, Q - select action, (/) - cycle Shift-Dir - straight line, f/p - Edmund
Aim: Edmund, wielding a +3 flail of venom and wearing a +0 chain mail (severely wounded, fast, 74% to hit)
You shoot an arrow.
The arrow hits Edmund but does no damage.
Edmund is severely wounded.
Edmund hits you with a +3 flail of venom!
* * * LOW HITPOINT WARNING * * *
Edmund hits you with a +3 flail of venom!
* * * LOW HITPOINT WARNING * * *
You are lethally poisoned!
You feel better.
Edmund hits you with a +3 flail of venom!
* * * LOW HITPOINT WARNING * * *
You are lethally poisoned!
It was a potion of brilliance.
You feel clever all of a sudden.
You die...

#.....#.## #)# ##.#.......##
#....#.######.######.#........
#....####.........##......####
.......# #.......###.##..##
###[##.# ##......# #.###.#
#>##.# ##...#.###.###.# #.....
##'##.........# ## #..#
#.######.##### #@# #.# #@..#
#.# #.....# #.# .......# #.#
..#.....# #.# ....##..... ..#
##. ####.## . .#


You could see Edmund (fast).

Vanquished Creatures
  A steam dragon (D:6)
  Menkaure (D:4)
  A water moccasin (D:5)
  An ice beast (D:6)
  An ogre (D:5)
  A centaur (D:4)
  A phantom (D:5)
  2 kobold brigands (Sewer)
  7 scorpions
  2 howler monkeys (D:5)
  A jelly (D:4)
  5 hounds
  A gnoll bouda (D:5)
  Ijyb (D:4)
  2 iguanas
  An orc wizard (D:5)
  7 gnolls
  9 adders
  5 river rats
  A white imp (D:6)
  An ufetubus (D:6)
  3 worms
  5 orcs
  8 ball pythons
  5 bats
  8 endoplasms
  6 giant cockroaches
  3 hobgoblins
  10 jackals
  8 quokkas
  2 frilled lizards
  5 goblins
  9 kobolds
  8 rats
132 creatures vanquished.

Vanquished Creatures (others)
  41 plants (D:4)
41 creatures vanquished.

Grand Total: 173 creatures vanquished

Notes
Turn   | Place    | Note
-------+----------+-------------------------------------------
     0 | D:1      | safid the Minotaur Hunter began the quest for the Orb.
     0 | D:1      | Reached XP level 1. HP: 18/18 MP: 0/0
   203 | D:1      | Reached XP level 2. HP: 20/26 MP: 1/1
   587 | D:1      | Found a faded altar of an unknown god.
   782 | D:1      | Reached skill level 5 in Ranged Weapons
   782 | D:1      | Reached XP level 3. HP: 31/31 MP: 2/2
  1457 | D:2      | Noticed a scorpion
  1478 | D:2      | Killed a scorpion
  1479 | D:2      | Reached XP level 4. HP: 41/41 MP: 3/3
  1755 | D:3      | Found a transporter.
  1821 | D:3      | Reached XP level 5. HP: 25/47 MP: 4/4
  1835 | D:3      | Identified the +2 mace of Tautt {freeze, rElec rN+ Int+4}
  1903 | D:3      | Reached skill level 5 in Fighting
  1905 | D:3      | Reached skill level 6 in Ranged Weapons
  2003 | D:3      | Found a glowing drain.
  2012 | Sewer    | Entered a sewer
  2194 | Sewer    | Reached XP level 6. HP: 34/57 MP: 5/5
  2726 | D:3      | Reached skill level 7 in Ranged Weapons
  2748 | D:3      | Found a transporter.
  2990 | D:4      | Noticed Menkaure
  3065 | D:3      | HP: 2/58 [poisoned by a scorpion]
  3397 | D:4      | Reached XP level 7. HP: 43/64 MP: 6/6
  3411 | D:4      | Killed Menkaure
  3806 | D:4      | Reached skill level 8 in Ranged Weapons
  3855 | D:4      | Noticed Ijyb
  3871 | D:4      | Paralysed by Ijyb for 2 turns
  3874 | D:4      | Killed Ijyb
  4049 | D:4      | Found a staircase to the Ecumenical Temple.
  4055 | Temple   | Entered the Ecumenical Temple
  4062 | Temple   | Became a worshipper of Warmaster Okawaru
  4271 | D:5      | Entered Level 5 of the Dungeon
  4522 | D:5      | Reached XP level 8. HP: 74/74 MP: 7/7
  4538 | D:5      | Reached skill level 9 in Ranged Weapons
  4994 | D:5      | Reached * piety under Okawaru
  5007 | D:5      | Reached skill level 10 in Ranged Weapons
  5210 | D:5      | Found a large runed translucent door.
  5210 | D:5      | Found a large runed translucent door.
  5219 | D:5      | Noticed LustLizard's ghost (amateur SpAE)
  5610 | D:6      | Found a burning altar of Makhleb.
  5744 | D:6      | Reached skill level 11 in Ranged Weapons
  6416 | D:6      | Noticed Edmund
  6435 | D:6      | HP: 2/74 [Edmund/+3 flail of venom (10)]
  6437 | D:6      | Succumbed to Edmund's poison

Illustrated notes

Levels and vault maps discovered:
D:1:      minmay_arrival_hallway, layout_loops_corners,
          shapermc_ecumenical_altar_totnotflames
D:2:      layout_basic, kennysheep_generic_room_9
D:3:      gammafunk_steamed_eel, layout_rooms, lightli_sewer_entry_pipes
D:4:      layout_basic, minmay_temple_entry_enclosed_plants, kennysheep_boxes,
          uniq_menkaure, uniq_crazy_yiuf_cottage, uniq_ijyb
D:5:      layout_basic, ebering_ghost_disaster_area, kennysheep_generic_room_7
D:6:      wad_pebble_path, layout_loops_corners, makhleb_heckhound_becter,
          uniq_edmund
Temple:   nicolae_temple_bog_church

Skill      XL: |  1  2  3  4  5  6  7  8 |
---------------+-------------------------+-----
Fighting       | 3 4 5 6 8 |  8.0
Ranged Weapons | 5 6 7 8 11 | 11.5
Dodging        | |  2.1
Stealth        | |  0.7

Action                   |  1- 3 |  4- 6 |  7- 9 || total
-------------------------+-------+-------+-------++-------
 Fire: Shortbow          |    97 |   184 |   241 ||   522
  Use: Potion            |     6 |     3 |     8 ||    17
Armor: Leather armour    |    12 |    19 |     4 ||    35
       Skin              |     8 |       |       ||     8
       Scale mail        |       |       |    45 ||    45
Dodge: Dodged            |    29 |    80 |   100 ||   209
